 Dungeon Crawl Stone Soup version 0.31-a0-875-g02e7d12df6 (webtiles) character file.

Game seed: 233102974831472321

1494 LeprechaunX the Changeling (level 8, 0/54 HPs)
             Began as an Octopode Shapeshifter on Oct 12, 2023.
             Was an Initiate of Hepliaklqana.
             Slain by an ice beast (14 damage)
             ... on level 5 of the Dungeon.
             The game lasted 00:07:07 (3148 turns).

LeprechaunX the Changeling (Octopode Shapeshifter)  Turns: 3148, Time: 00:07:08

Health: 0/54       AC:  1    Str: 15    XL:     8   Next: 81%
Magic:  8/8        EV: 14    Int: 12    God:    Hepliaklqana [......]
Gold:   219        SH:  0    Dex: 12    Spells: 7/7 levels left

rFire   . .          .
                       - Unarmed
rCold   . . .        (no shield)
rNeg    . . .        (helmet currently unavailable)
rPois   .            (no amulet)
rElec   .            i - +4 ring of slaying
rCorr   .            (no ring)
SInv    .            (no ring)
Will    .....        (no ring)
Stlth   ++           (no ring)
HPRegen 0.29/turn    (no ring)
MPRegen 0.11/turn    (no ring)
                     (no ring)

%: no passive effects
@: beast-form
A: beast (slay +3), almost no armour, amphibious, 8 rings, camouflage 1,
gelatinous body 1, (nimble swimmer 1), tentacles
a: Begin Untransformation, Renounce Religion


You were on level 5 of the Dungeon.
You worshipped Hepliaklqana.
Hepliaklqana was noncommittal.
You were a hulking beast.
You visited 2 branches of the dungeon, and saw 6 of its levels.
You also visited: Ossuary.

You collected 219 gold pieces.

Inventory:

Hand Weapons
 a - a +0 sling
Missiles
 f - 6 darts of dispersal
Jewellery
 i - a +4 ring of slaying (left tentacle)
Talismans
 b - a beast talisman (active)
 c - a flux talisman
Scrolls
 h - a scroll of blinking {unknown}
 j - 2 scrolls of amnesia {unknown}
 k - 3 scrolls of identify {unknown}
 s - a scroll of enchant weapon {unknown}
 t - a scroll of teleportation {unknown}
 v - a scroll of silence {unknown}
Potions
 d - a potion of lignification
 e - 3 potions of curing
 g - a potion of mutation {unknown}
 l - 2 potions of degeneration {unknown}
 m - a potion of heal wounds {unknown}
 n - 2 potions of magic {unknown}
 o - a potion of ambrosia {unknown}
 p - a potion of attraction {unknown}
 q - a potion of haste {unknown}
 r - 3 potions of might {unknown}
 u - a potion of cancellation {unknown}


   Skills:
 + Level 4.6 Fighting
 + Level 2.4 Ranged Weapons
 + Level 4.8 Dodging
 + Level 5.4 Unarmed Combat
 * Level 6.7 Shapeshifting


You had 7 spell levels left.
You didn't know any spells.
Your spell library contained the following spells:

 Spells                   Type           Power      Damage    Failure   Level
 Ensorcelled Hibernation  Hex/Ice        0%         N/A       45%         2
 Passwall                 Tmut/Erth      0%         N/A       45%         2
 Poisonous Vapours        Pois/Air       0%         N/A       45%         2
 Mephitic Cloud           Conj/Pois/Air  0%         N/A       69%         3
 Swiftness                Air            0%         N/A       69%         3
 Freezing Cloud           Conj/Ice/Air   0%         6-21      100%        5


Dungeon Overview and Level Annotations

Branches:
Dungeon (5/15)             Temple (1/1) D:4         Ossuary (visited)

Altars:
Ashenzari
Cheibriados
Hepliaklqana
Makhleb
Okawaru
Ru
Sif Muna
Uskayaw
Vehumet
Wu Jian
Xom
Zin
The Shining One

Shops:
D:1 *

Annotations:
Temple 2 transporters


Innate Abilities, Weirdness & Mutations

You are a hulking beast.
Your limbs bulge with bestial killing power. (Slay +3)
You cannot wear most types of armour.
You are amphibious.
You can wear up to eight rings at the same time.
Your skin changes colour to match your surroundings (Stealth+).
Your rubbery body absorbs attacks. (AC +1, EV +1)
((You are camouflaged when in or above water. (Stealth+)))
You have tentacles for arms and can constrict up to eight enemies at once.


Message History

You bludgeon the gnoll!
You kill the gnoll!
The gnoll barely misses you.
You see here a +0 war axe.
The gnoll hits you with a +0 spear.
The gnoll hits you from afar with a +0 spear.
The black bear growls angrily.
You bludgeon the gnoll! You grab the gnoll.
The gnoll is heavily wounded.
You constrict the gnoll. The gnoll misses you. The gnoll closely misses you.
You bludgeon the gnoll!
You kill the gnoll!
The gnoll completely misses you. The gnoll hits you with a +0 spear.
Things that are here:
a +0 spear; a gnoll corpse You bludgeon the gnoll!
You kill the gnoll!
You barely miss the adder. Your grab misses the adder. The adder bites you.
You tentacle-slap the adder. Your grab misses the adder.
The adder is moderately wounded.
The adder bites you.
You tentacle-slap the adder. Your grab misses the adder.
You tentacle-slap the adder.
You kill the adder!
You bludgeon the black bear! You grab the black bear.
The black bear is moderately wounded.
You constrict the black bear. You bludgeon the black bear!
You tentacle-slap the black bear!
You kill the black bear!
You tentacle-slap the ice beast but do no damage.
A gnoll comes into view. It is wielding a +0 flail.
The ice beast hits you. The ice beast freezes you!
You bludgeon the ice beast!
You squeeze the ice beast, but do no damage.
The ice beast is moderately wounded.
The ice beast hits you.
* * * LOW HITPOINT WARNING * * *
The ice beast freezes you!
You die...

......### ........## .#
#....######### .#
#............#
.####....#######)#
.......)..# #)#
.####.##..# ####)#
.####.##..# #....## h
......##..###.##h.# ...
)####.##........#Y###.....
†..##..........###g.......
##.######...... #.......Y.
#.# #...... #..#######.
##.#####.########.#
......##.## #.#
##.#....#.#### #.#
.........#...####.# .


You could see an ice beast and a gnoll.

Vanquished Creatures
  Pikel (D:4)
  Edmund (D:4)
  A black bear (D:5)
  An ogre (D:4)
  3 lemures (D:4)
  A phantom (D:4)
  2 elf zombies (Ossuary)
  4 centaur zombies (Ossuary)
  A jelly (D:4)
  A hound (D:5)
  A human zombie (Ossuary)
  An iguana (D:3)
  3 mummies (Ossuary)
  3 gnolls (D:5)
  7 adders
  A shadow imp (D:5)
  An ufetubus (D:4)
  2 adder zombies (Ossuary)
  2 worms (D:2)
  3 dart slugs
  14 orcs
  3 ball pythons
  6 endoplasms
  4 giant cockroaches
  2 gnoll zombies (Ossuary)
  8 goblins
  11 hobgoblins
  3 jackals (D:4)
  3 kobolds
  5 quokkas
  9 bats
  6 frilled lizards
  5 goblin zombies (Ossuary)
  2 hobgoblin zombies (Ossuary)
  A jackal zombie (Ossuary)
  4 kobold zombies (Ossuary)
  An orc zombie (Ossuary)
  5 quokka zombies (Ossuary)
  5 rats
  4 rat zombies (Ossuary)
141 creatures vanquished.

Notes
Turn   | Place    | Note
-------+----------+-------------------------------------------
     0 | D:1      | LeprechaunX the Octopode Shapeshifter began the quest for
                  | the Orb.
     0 | D:1      | Reached XP level 1. HP: 13/13 MP: 1/1
    21 | D:1      | Found Arim's General Store.
   132 | D:1      | Reached XP level 2. HP: 18/18 MP: 2/2
   294 | D:1      | Reached XP level 3. HP: 21/23 MP: 3/3
   570 | D:2      | Found a shimmering blue altar of Sif Muna.
   819 | D:2      | Reached XP level 4. HP: 29/29 MP: 4/4
  1049 | D:3      | Found a faded altar of an unknown god.
  1375 | D:3      | Reached skill level 4 in Shapeshifting
  1375 | D:3      | Reached XP level 5. HP: 18/34 MP: 5/5
  1585 | D:4      | Found a staircase to the Ecumenical Temple.
  1594 | D:4      | Noticed a lemure
  1596 | D:4      | Noticed an ogre
  1598 | D:4      | Noticed a lemure
  1598 | D:4      | Noticed Pikel
  1599 | D:4      | Noticed a lemure
  1601 | D:4      | Noticed a lemure
  1616 | D:4      | Killed an ogre
  1617 | D:4      | Reached XP level 6. HP: 41/41 MP: 6/6
  1706 | D:4      | Killed Pikel
  1707 | D:4      | Reached skill level 5 in Shapeshifting
  1707 | D:4      | Reached XP level 7. HP: 46/46 MP: 7/7
  1893 | D:4      | Found a sand-covered staircase.
  1901 | Ossuary  | Entered an ossuary
  2056 | Ossuary  | Reached XP level 8. HP: 54/54 MP: 8/8
  2092 | Ossuary  | Reached skill level 1 in Ranged Weapons
  2221 | Ossuary  | Reached skill level 6 in Shapeshifting
  2242 | Ossuary  | Reached skill level 5 in Unarmed Combat
  2434 | Temple   | Found a transporter.
  2434 | Temple   | Found a transporter.
  2434 | Temple   | Found a transporter.
  2434 | Temple   | Found a transporter.
  2434 | Temple   | Entered the Ecumenical Temple
  2449 | Temple   | Became a worshipper of Hepliaklqana the Forgotten
  2655 | D:4      | Noticed Edmund
  2667 | D:4      | Killed Edmund
  3049 | D:5      | Entered Level 5 of the Dungeon
  3148 | D:5      | Slain by an ice beast

Illustrated notes

Levels and vault maps discovered:
D:1:      matt_arrival_los_fun, layout_rooms, serial_shops,
          nicolae_shop_peninsula
D:2:      layout_rooms, basic_altar
D:3:      layout_basic, dreamdust_ecumenical_altar_statues,
          chequers_serial_rivers_micro_b
D:4:      layout_basic, temple_pool_b, chequers_ossuary_entry_cave, uniq_edmund,
          uniq_pikel
D:5:      layout_loops_ring, mainiacjoe_overflow_six_doors_small,
          elyvilon_altar_4
Temple:   hellmonk_temple_divided_pantheon

Skill      XL: |  1  2  3  4  5  6  7  8 |
---------------+-------------------------+-----
Fighting       | 2 3 4 |  4.6
Shapeshifting  | 4 5 6 |  6.7
Dodging        | 3 4 |  4.8
Unarmed Combat | 4 5 |  5.4
Ranged Weapons | 2 |  2.4

Action                     |  1- 3 |  4- 6 |  7- 9 || total
---------------------------+-------+-------+-------++-------
  Melee: Unarmed           |    68 |    55 |    87 ||   210
         Constrict         |    20 |    22 |    17 ||    59
         Tentacles         |    11 |    10 |    22 ||    43
         Punch             |     3 |     2 |     8 ||    13
   Fire: Sling             |       |   108 |    71 ||   179
    Use: Potion            |     1 |       |       ||     1
   Stab: Sleeping          |     7 |     4 |     4 ||    15
 Armour: Skin              |    26 |    28 |    52 ||   106
  Dodge: Dodged            |    40 |    34 |    66 ||   140

Table legend: (Time is in decaauts)
 A = Elapsed time spent in this place.
 B = Non-inter-level travel time spent in this place.
 C = Inter-level travel time spent in this place.
 D = Time resting spent in this place.
 E = Time spent auto-exploring this place.
 F = Levels seen in this place.
 G = Mean time per level.
                   A        B        C        D        E       F      G
               +--------+--------+--------+--------+--------+-----+--------+
         Total |   3191 |   2932 |    259 |    308 |   1613 |   7 |  455.9 |
       Dungeon |   2640 |   2407 |    233 |    168 |   1434 |   5 |  528.0 |
        Temple |     30 |      4 |     26 |      0 |      0 |   1 |   30.0 |
       Ossuary |    519 |    519 |      0 |    140 |    179 |   1 |  519.0 |
               +--------+--------+--------+--------+--------+-----+--------+

Top non-repeatable levels by time:
     D:4: 1029 daAuts
     D:3: 563 daAuts
     D:1: 534 daAuts
 Ossuary: 519 daAuts
     D:2: 416 daAuts
     D:5: 96 daAuts
  Temple: 30 daAuts
